AoeStats
← KND

Marketplace

504643524Analyzed
1v1 RM · 26d ago on Sep 6, 2026· 42m 39s· 2 players
Game mode
Random Map
Map size
Tiny (2 player)
Population
200
Speed
Normal
Resources
Standard
Victory
Conquest
Starting age
Dark Age
Ending age
Imperial Age
RankedLock teamsTeams togetherTeam positionsShared explorationLock speedFull tech treeHidden civsTurbo modeCheats
Victory
Defeat
🇧🇷 Sicilians · Brazil
1571
+12
🇧🇷 Huns · Brazil
1491
-12
KND
7:03 Loom
9:31 Feudal Age
9:59 Double-Bit Axe
16:36 Fletching
19:05 Padded Archer Armor
22:15 Horse Collar
23:44 Scale Barding Armor
27:47 Castle Age
26:25 Forging
27:20 Bloodlines
28:43 Bow Saw
29:35 Husbandry
32:16 Chain Barding Armor
33:31 Light Cavalry
35:28 Light Cavalry
37:17 Bodkin Arrow
39:32 Iron Casting
40:27 Wheelbarrow
Leo Javier
6:49 Loom
9:29 Feudal Age
10:56 Double-Bit Axe
19:48 Fletching
25:13 Town Watch
27:35 Castle Age
27:04 Gold Mining
27:05 Horse Collar
27:57 Scale Mail Armor
29:02 Chain Mail Armor
28:54 Squires
30:34 Wheelbarrow
32:43 Heavy Plow
32:56 Gambesons
32:40 Crossbowman
33:49 Hand Cart
34:26 Arson
35:09 Bow Saw
34:29 Pikeman
38:22 Caravan
41:18 Imperial Age
40:15 Forging
41:03 Gold Shaft Mining
41:42 Iron Casting
41:44 Ballistics
41:22 Elite Serjeant
42:39 Plate Mail Armor
Connection lost

Rejoining the realm…

Still unreachable

The connection could not be restored.

Session expired

The server has moved on; the page needs a fresh start.